 Dungeon Crawl Stone Soup version 0.30-a0-509-gd016549fea (webtiles) character file.

Game seed: 13629126383739439641

1334 Bnni the Vexing (level 8, -31/81 (90) HPs)
             Began as a Formicid Hexslinger on Dec 22, 2022.
             Was a Believer of Okawaru.
             Killed by an exploding Pikel (37 damage)
             ... ignited by their inner flame
             ... on level 7 of the Dungeon.
             The game lasted 00:16:38 (6348 turns).

Bnni the Vexing (Formicid Hexslinger)               Turns: 6348, Time: 00:16:39

HP:   -31/81 (90)   AC: 24    Str: 15    XL:     8   Next: 92%
MP:   1/13          EV:  2    Int: 15    God:    Okawaru [**....]
Gold: 178           SH:  0    Dex: 20    Spells: 3/14 levels left

rFire   . . .      SeeInvis .    a - +1 sling
rCold   . . .      Faith    .    (no shield)
rNeg    . . .      Spirit   .    (body armour currently unavailable)
rPois   +          Reflect  .    (helmet unavailable)
rElec   .          Harm     .    (cloak currently unavailable)
rCorr   .          Rampage  .    (gloves currently unavailable)
Will    .....                    (boots currently unavailable)
Stlth   +++.......               (no amulet)
HPRegen 0.33/turn                s - +6 ring of dexterity
MPRegen 0.13/turn                (no ring)

@: tree-form, heroic, very slightly contaminated, heavily drained
A: stationary, stasis, torment immunity, boosted hp, permanent stasis, dig
shafts and tunnels, (antennae 3), four strong arms
a: Renounce Religion, Heroism


You were on level 7 of the Dungeon.
You worshipped Okawaru.
Okawaru was pleased with you.
You were a tree.
You visited 1 branch of the dungeon, and saw 7 of its levels.

You collected 196 gold pieces.
You spent 18 gold pieces at shops.

Inventory:

Hand Weapons
 a - a +1 sling (weapon)
 q - a +2 vampiric spear
 w - a +2 dire flail of holy wrath
Missiles
 e - 8 poisoned darts
 v - 3 curare-tipped darts
Armour
 o - the +5 robe of Misfortune (melded) {Harm *Corrode *Slow EV+5}
   (You found it on level 3 of the Dungeon)

   EV:        It affects your evasion (+5).
   *Corrode:  It may corrode you when you take damage.
   *Slow:     It may slow you when you take damage.
   Harm:      It increases damage dealt and taken.
Jewellery
 s - a +6 ring of dexterity (left branch)
Scrolls
 b - a scroll of poison
 h - a scroll of vulnerability {unknown}
 j - a scroll of magic mapping
 l - 2 scrolls of teleportation {unknown}
 n - a scroll of noise {unknown}
 t - a scroll of fog {unknown}
 x - a scroll of blinking {unknown}
Potions
 f - 2 potions of flight
 g - 2 potions of brilliance
 i - a potion of attraction
 k - 5 potions of mutation
 m - 3 potions of might
 r - a potion of haste {unknown}
 u - a potion of resistance {unknown}
 z - a potion of berserk rage


   Skills:
 + Level 4.2(9.2) Fighting
 * Level 5.7(10.7) Ranged Weapons
 - Level 1.7(6.7) Dodging
 + Level 3.8 Spellcasting
 * Level 7.1 Hexes
 + Level 2.0 Translocations
 - Level 3.0 Fire Magic
 + Level 1.1 Invocations


You had 3 spell levels left.
You knew the following spells:

 Your Spells              Type           Power      Damage    Failure   Level
a - Slow                  Hex            96%        N/A       1%          1
b - Inner Flame           Hex/Fire       18%        N/A       7%          3
c - Portal Projectile     Hex/Tloc       32%        N/A       9%          3
d - Cause Fear            Hex            12%        N/A       10%         4

Your spell library contained the following spells:

 Spells                   Type           Power      Damage    Failure   Level
 Gell's Gravitas          Tloc           8%         N/A       24%         3
 Lesser Beckoning         Tloc           16%        N/A       24%         3
 Teleport Other           Tloc           8%         N/A       24%         3
 Sublimation of Blood     Necr           2%         N/A       28%         2
 Stone Arrow              Conj/Erth      4%         3d7       50%         3
 Petrify                  Tmut/Erth      2%         N/A       88%         4
 Irradiate                Conj/Tmut      1%         3d12      99%         5
 Lehudib's Crystal Spear  Conj/Erth      1%         10d2      100%        8
 Animate Armour           Summ/Erth      Unusable   N/A       N/A         4

Dungeon Overview and Level Annotations

Branches:
Dungeon (7/15)             Temple (0/1) D:5

Altars:
Okawaru
Xom

Shops:
D:5 (   D:6 (


Innate Abilities, Weirdness & Mutations

You are a tree.
Your roots penetrate the ground, keeping you stationary.
You cannot be teleported.
You are immune to unholy pain and torment.
Your maximum health is greatly increased.
Your equipment is partially melded.
You cannot be hasted, slowed, berserked, paralysed or teleported.
You can dig through walls and to a lower floor.
((You have a pair of large antennae on your head. (SInv)))
Your four strong arms can wield two-handed weapons with a shield.


Message History

Aim: Pikel, wielding a +0 whip of electrocution, wearing a +0 robe and carrying a wand of charming (4) (moderately wounded, inner flame, chance to affect: 55%) Pikel seems to slow down.
Pikel closely misses you.
You gain the combat prowess of a mighty hero.
Pikel barely misses you.
It was a potion of cancellation.
Your magical effects are unravelling.
You feel magically purged.
You float gracefully downwards.
It was a potion of lignification.
You turn into a tree.
The +5 robe of Misfortune {Harm *Corrode *Slow EV+5} melds into your body.
Your mandibles meld away.
Your roots penetrate the ground.
Pikel hits you but does no damage.
Okay, then.
Okay, then.
Casting: Slow (safe; 1% risk of failure)
Confirm with . or Enter, or press ? or * to list all spells.
Casting: Cause Fear (dangerous; 10% risk of failure)
Press: ? - help, Dir - look around, f - activate You miscast Cause Fear.
You are very lightly contaminated with residual magic.
Nothing appears to happen.
Unknown command.
Casting: Cause Fear (dangerous; 10% risk of failure)
Confirm with . or Enter, or press ? or * to list all spells.
Casting: Cause Fear (dangerous; 10% risk of failure)
Press: ? - help, Dir - look around, f - activate Pikel looks frightened!
The lemure looks frightened! x2
Cornered, Pikel turns to fight!
You shoot a sling bullet.
The sling bullet hits Pikel but does no damage.
Pikel is moderately wounded.
You shoot a sling bullet. The sling bullet hits Pikel!
Flame seeps out of Pikel.
Pikel is heavily wounded.
Pikel is engulfed in blazing flames.
Okawaru is honoured by your kill.
With Pikel's spell broken, his former minions thank you for their freedom.
The lemure departs this earthly plane. x2
Pikel explodes!
The fiery explosion engulfs you!!!
You die...

#........#
###........#
..........#
.........#
#........#
#.....$..# ..
#.......># ....
#♣##
....####○########
#####
......{KK#.......
#....
......{.c........
#....
........)........
#....
...........§.###
#....
#{........§###
#....
#..........#
#....
#..........#
#....


You could see a centaur and a kobold.

Vanquished Creatures
  Pikel (D:7)
  Menkaure (D:4)
  The ghost of xsansara the Magician, an amateur DjIE of the Shining One (D:3)
  A black bear (D:6)
  An orc warrior (D:6)
  A sky beast (D:6)
  An ogre (D:4)
  A lemure (D:6)
  The ghost of semem the Covered, an amateur TeFi (D:3)
  A necrophage (D:5)
  3 killer bees (D:6)
  A hound (D:6)
  An orc priest (D:5)
  4 iguanas
  Terence (D:2)
  2 orc wizards (D:5)
  7 adders
  4 gnolls (D:3)
  An ufetubus (D:5)
  A worm (D:2)
  4 dart slugs
  15 orcs
  9 ball pythons
  5 endoplasms
  3 giant cockroaches
  9 goblins
  3 hobgoblins
  8 jackals
  5 quokkas
  7 bats
  3 frilled lizards (D:1)
  7 kobolds
  4 rats
117 creatures vanquished.

Vanquished Creatures (others)
  A worm (D:3)
  A jackal (D:3)
  6 plants (D:2)
8 creatures vanquished.

Grand Total: 125 creatures vanquished

Notes
Turn   | Place    | Note
-------+----------+-------------------------------------------
     0 | D:1      | Bnni the Formicid Hexslinger began the quest for the Orb.
     0 | D:1      | Reached XP level 1. HP: 15/15 MP: 2/2
    60 | D:1      | Reached XP level 2. HP: 21/21 MP: 3/3
   218 | D:1      | Reached XP level 3. HP: 12/26 MP: 3/5
   222 | D:1      | Reached skill level 4 in Hexes
   226 | D:1      | Learned a level 3 spell: Inner Flame
   340 | D:1      | Reached skill level 1 in Fire Magic
   747 | D:2      | Noticed Terence
   762 | D:2      | Killed Terence
   763 | D:2      | Reached XP level 4. HP: 13/33 MP: 6/6
  2063 | D:3      | Found the +5 robe of Misfortune {Harm *Corrode *Slow EV+5}
  2066 | D:3      | Reached XP level 5. HP: 38/38 MP: 7/7
  2141 | D:3      | Found a runed translucent gate.
  2142 | D:3      | Found a runed translucent gate.
  2147 | D:3      | Found a runed translucent gate.
  2150 | D:3      | Noticed semem's ghost (amateur TeFi)
  2150 | D:3      | Noticed xsansara's ghost (amateur DjIE)
  2325 | D:3      | Found a shimmering altar of Xom.
  2659 | D:3      | Killed semem's ghost
  2660 | D:3      | Reached XP level 6. HP: 46/46 MP: 2/9
  3073 | D:3      | Killed xsansara's ghost
  3074 | D:3      | Reached skill level 5 in Hexes
  3074 | D:3      | Reached XP level 7. HP: 49/51 MP: 0/10
  3154 | D:4      | Noticed Menkaure
  3160 | D:4      | Killed Menkaure
  3241 | D:4      | Learned a level 4 spell: Cause Fear
  3280 | D:4      | Learned a level 3 spell: Portal Projectile
  3750 | D:5      | Entered Level 5 of the Dungeon
  3773 | D:5      | Found Miafaced's Weapon Shoppe.
  3896 | D:5      | Reached skill level 6 in Hexes
  3937 | D:5      | Reached XP level 8. HP: 54/58 MP: 12/12
  3950 | D:5      | Found an iron altar of Okawaru.
  3957 | D:5      | Became a worshipper of Warmaster Okawaru
  3975 | D:5      | Found a staircase to the Ecumenical Temple.
  4218 | D:5      | Reached skill level 1 in Translocations
  4493 | D:5      | Reached skill level 5 in Ranged Weapons
  5217 | D:6      | Found Ofekkaoc's Weapon Shoppe.
  5222 | D:6      | Bought 3 curare-tipped darts for 18 gold pieces
  5281 | D:6      | Reached * piety under Okawaru
  5669 | D:7      | Noticed Pikel
  5759 | D:6      | Reached skill level 7 in Hexes
  5996 | D:6      | Reached skill level 1 in Invocations
  6334 | D:7      | HP: 1/59 [centaur/arrow (6)]
  6348 | D:7      | Killed Pikel
  6348 | D:7      | Reached ** piety under Okawaru
  6348 | D:7      | Killed by an exploding Pikel... ignited by their inner
                  | flame

Illustrated notes

Levels and vault maps discovered:
D:1:      dpeg_arrival_arbitrary_b, layout_loops_ring
D:2:      layout_basic, serial_bayou_lagoon_b, uniq_terence
D:3:      layout_rooms, xom_confusion_cloud, gammafunk_ghost_cemetery
D:4:      layout_cave_pools, uniq_menkaure
D:5:      layout_basic, lemuel_crystal_altar,
          minmay_temple_entry_drinking_statues, serial_bayou,
          serial_bayou_pond_a, serial_bayou_lake_a, serial_bayou_pond_e,
          serial_bayou_lagoon_a, serial_bayou_pond_e, serial_bayou_pond_d,
          serial_shops, nicolae_shop_bloodbath_and_beyond
D:6:      layout_basic, serial_shops, shop, minmay_crystal_water,
          hex_intersection
D:7:      layout_rooms, minmay_fire_ice_demons, uniq_pikel, uniq_prince_ribbit1

Skill      XL: |  1  2  3  4  5  6  7  8 |
---------------+-------------------------+-----
Hexes          | 4 5 6 7 |  7.1
Fire Magic     | 1 2 3 |  3.0
Ranged Weapons | 3 4 5 |  5.7
Fighting       | 2 3 4 |  4.2
Spellcasting   | 2 3 |  3.8
Translocations | 2 |  2.0
Invocations    | 1 |  1.1
Dodging        | |  1.7

Action                   |  1- 3 |  4- 6 |  7- 9 || total
-------------------------+-------+-------+-------++-------
 Fire: Sling             |    78 |   158 |   234 ||   470
Throw: Dart              |     5 |       |       ||     5
 Cast: Slow              |     1 |    35 |    39 ||    75
       Inner Flame       |       |     8 |    14 ||    22
       Cause Fear        |       |       |     2 ||     2
Invok: Heroism           |       |       |     1 ||     1
 Abil: Dig               |       |     1 |     2 ||     3
  Use: Scroll            |       |     6 |     1 ||     7
       Potion            |       |       |     6 ||     6
Armor: Robe              |     5 |    16 |    21 ||    42
       Skin              |       |       |     1 ||     1
Dodge: Dodged            |    19 |    53 |   133 ||   205

Table legend: (Time is in decaauts)
 A = Elapsed time spent in this place.
 B = Non-inter-level travel time spent in this place.
 C = Inter-level travel time spent in this place.
 D = Time resting spent in this place.
 E = Time spent auto-exploring this place.
 F = Levels seen in this place.
 G = Mean time per level.
                   A        B        C        D        E       F      G
               +--------+--------+--------+--------+--------+-----+--------+
         Total |   6481 |   6170 |    311 |    836 |   3845 |   7 |  925.9 |
       Dungeon |   6481 |   6170 |    311 |    836 |   3845 |   7 |  925.9 |
               +--------+--------+--------+--------+--------+-----+--------+

Top non-repeatable levels by time:
     D:6: 1524 daAuts
     D:2: 1314 daAuts
     D:3: 1153 daAuts
     D:5: 1025 daAuts
     D:1: 758 daAuts
     D:4: 608 daAuts
     D:7: 96 daAuts
